[Event "Team 45 45 League T62"]
[Site "Internet Chess Club"]
[Date "2014.10.02"]
[Round "6"]
[White "gtmorton"]
[Black "Goli"]
[Result "1-0"]
[WhiteElo "1861"]
[BlackElo "1881"]
[Opening "King's Indian: Torre attack"]
[ECO "A48"]
[Time "16:31:39"]
[TimeControl "2700+45"]

1. d4 Nf6 2. Nf3 g6 3. Bg5 Bg7 4. Nbd2 O-O 5. e4 d6 6. Be2 Bg4 7. h3 Bxf3 8.
Bxf3 Nbd7 9. c3 c5 10. O-O cxd4 11. cxd4 Qb6 12. Nb3 Rac8 13. Re1 h6 14. Be3 Qd8
15. Qd2 Kh7 16. Rac1 b6 17. Rc2 Nb8 18. Rxc8 Qxc8 19. Rc1 Qa6 20. Qc2 Nbd7 21.
Be2 Qb7 22. Bd3 e5 23. Qc7 Qxc7 24. Rxc7 exd4 25. Bxd4 Nc5 26. Nxc5 bxc5 27. Bc3
Nh5 28. Bxg7 Kxg7 29. Rxa7 Nf6 30. f3 Rb8 31. b3 Rd8 32. Bc4 Rd7 33. Rxd7 Nxd7
34. Kf2 f6 35. a4 Nb6 36. h4 Kf8 37. g4 Ke7 38. Ke3 Kd7 39. Kf4 Ke7 40. h5 g5+
41. Kf5 Nd7 42. Kg6 Ne5+ 43. Kxh6 Nxf3 44. Kg7 {Black resigns} 1-0

[Event "Team 45 45 League T62"]
[Site "Internet Chess Club"]
[Date "2014.10.02"]
[Round "6"]
[White "room-matt"]
[Black "freakypawn"]
[Result "1-0"]
[WhiteElo "1915"]
[BlackElo "1764"]
[Opening "French: Winawer, advance, Bogolyubov variation"]
[ECO "C17"]
[Time "15:11:37"]
[TimeControl "2700+45"]

1. e4 e6 2. d4 d5 3. Nc3 Bb4 4. e5 c5 5. Bd2 Ne7 6. f4 cxd4 7. Nb5 Bxd2+ 8. Qxd2
O-O 9. Nf3 Nbc6 10. Nbxd4 Qa5 11. Qxa5 Nxa5 12. Bd3 a6 13. O-O-O Bd7 14. Rhf1
Nc4 15. Bxc4 dxc4 16. Rde1 Nd5 17. g3 Rac8 18. h4 b5 19. a3 a5 20. c3 b4 21.
cxb4 axb4 22. axb4 Nxb4 23. Re3 Nd3+ 24. Kc2 Ba4+ 25. Kc3 Rfd8 26. Ra1 Ra8 27.
Ra3 Rdb8 28. b3 cxb3 29. Rxd3 b2 30. Nd2 Rc8+ 31. Kxb2 Rc2+ 32. Nxc2 {Black
resigns} 1-0

[Event "Team 45 45 League T62"]
[Site "Internet Chess Club"]
[Date "2014.10.06"]
[Round "6"]
[White "chessfish1"]
[Black "zap2"]
[Result "1/2-1/2"]
[WhiteElo "1892"]
[BlackElo "1816"]
[Opening "Caro-Kann: Panov-Botvinnik attack, 5...e6"]
[ECO "B14"]
[Time "04:07:34"]
[TimeControl "2700+45"]

1. e4 c6 2. d4 d5 3. exd5 cxd5 4. c4 Nf6 5. Nc3 e6 6. Nf3 Nc6 7. a3 a6 8. Bg5
Be7 9. Rc1 dxc4 10. Bxc4 b5 11. Ba2 Bb7 12. O-O O-O 13. Qd3 e5 14. Bxf6 Bxf6 15.
d5 Ne7 16. Rfe1 Ng6 17. g3 h5 18. Ne4 Re8 19. Nc5 Bc8 20. d6 Nf8 21. Bxf7+ Kxf7
22. Qd5+ Be6 23. Nxe6 Nxe6 24. Nxe5+ Bxe5 25. Rxe5 Ra7 26. Rxh5 Rd7 27. Rc6 a5
28. h4 b4 29. f4 g6 30. Rh7+ Kf8 31. Rh8+ Kf7 32. Rh7+ Kf8 33. Rh8+ Kf7 {Game
drawn by mutual agreement} 1/2-1/2

[Event "Team 45 45 League T62"]
[Site "Internet Chess Club"]
[Date "2014.10.04"]
[Round "6"]
[White "Duguesclin"]
[Black "tightfist"]
[Result "0-1"]
[WhiteElo "1699"]
[BlackElo "1638"]
[Opening "Queen's Indian: Petrosian system"]
[ECO "E00"]
[Time "13:00:42"]
[TimeControl "2700+45"]

1. d4 Nf6 2. c4 e6 3. a3 b6 4. Nf3 Bb7 5. Nc3 c5 6. d5 exd5 7. cxd5 d6 8. e4
Nbd7 9. Bb5 a6 10. Bc6 Bxc6 11. dxc6 Ne5 12. Nxe5 dxe5 13. Qxd8+ Rxd8 14. Nd5
Nxd5 15. exd5 Rxd5 16. O-O Rd6 17. c7 Kd7 18. f4 Rf6 19. Rd1+ Kxc7 20. fxe5 Re6
21. Bf4 Be7 22. Rac1 Rd8 23. Kf2 Rxd1 24. Rxd1 Kc6 25. g4 f6 26. Re1 fxe5 27.
Bxe5 Bh4+ 28. Bg3 Bxg3+ 29. hxg3 Rxe1 30. Kxe1 Kd5 31. b3 b5 32. Kd2 a5 33. Kd3
h6 34. Kc3 Ke4 35. a4 b4+ 36. Kc4 Ke3 37. Kxc5 Kd3 38. Kb5 Kc3 39. Kxa5 Kxb3 40.
Kb5 Kc3 41. a5 b3 42. a6 b2 43. a7 b1=Q+ 44. Ka6 Qa2+ 45. Kb7 Qb3+ 46. Kc8 Qc4+
47. Kb8 Qb4+ 48. Ka8 Kd4 49. g5 h5 50. g4 h4 51. g6 h3 52. g5 Qc5 {White
resigns} 0-1

[Event "Team 45 45 League T62"]
[Site "Internet Chess Club"]
[Date "2014.10.05"]
[Round "6"]
[White "lacibacsi"]
[Black "DouDou"]
[Result "0-1"]
[WhiteElo "1987"]
[BlackElo "1947"]
[Opening "Ruy Lopez: exchange variation, Alapin gambit"]
[ECO "C68"]
[Time "16:06:02"]
[TimeControl "2700+45"]

1. e4 e5 2. Nf3 Nc6 3. Bb5 a6 4. Bxc6 dxc6 5. O-O Bg4 6. h3 h5 7. d3 Qf6 8. Nbd2
Ne7 9. Nc4 Bxf3 10. Qxf3 Qxf3 11. gxf3 Ng6 12. Be3 O-O-O 13. Rfd1 Be7 14. Kf1
Rhe8 15. Ke2 Bf6 16. c3 b6 17. b4 Kb7 18. Rac1 Rd7 19. Rd2 Nf8 20. d4 exd4 21.
cxd4 g6 22. Rcd1 Bg7 23. Bf4 Ne6 24. Be5 f6 25. Bh2 f5 26. Ne5 Nxd4+ 27. Rxd4
Rxd4 28. Rxd4 Bxe5 29. Bxe5 Rxe5 30. Ke3 c5 31. bxc5 Rxc5 32. h4 Ra5 33. Rd2 c5
34. e5 c4 35. Kf4 Rc5 36. e6 c3 37. Rc2 Kc8 38. Kg5 Kd8 39. Kxg6 Ke7 40. Kxh5
Kf6 41. Kh6 Rc8 42. Kh7 Kxe6 43. Kg7 f4 44. h5 Kf5 45. h6 Rc7+ {White forfeits
on time} 0-1

[Event "Team 45 45 League T62"]
[Site "Internet Chess Club"]
[Date "2014.10.05"]
[Round "6"]
[White "hood"]
[Black "Tobiasdelmonte"]
[Result "1-0"]
[WhiteElo "1967"]
[BlackElo "1859"]
[Opening "Alekhine's defense"]
[ECO "B03"]
[Time "23:01:21"]
[TimeControl "2700+45"]

1. e4 Nf6 2. e5 Nd5 3. d4 d6 4. exd6 exd6 5. Nf3 Be7 6. Be2 Bg4 7. h3 Bh5 8. O-O
O-O 9. c4 Nb6 10. b3 Bf6 11. Be3 d5 12. c5 N6d7 13. b4 a5 14. Nc3 c6 15. a3 Na6
16. Rb1 Re8 17. Qd2 axb4 18. axb4 Nc7 19. b5 Bg6 20. Bd3 Bxd3 21. Qxd3 Ra3 22.
Qc2 Nxc5 23. bxc6 bxc6 24. Bc1 Rxc3 25. Qxc3 N7e6 26. Be3 Qd7 27. Rfc1 Rc8 28.
Qc2 Ne4 29. Qa4 h6 30. Rb6 Nd8 31. Qc2 Ra8 32. Rbb1 Qe6 33. Bf4 Rc8 34. Rb8 Rxb8
35. Bxb8 g5 36. Bc7 g4 37. hxg4 Qxg4 38. Bxd8 Bxd8 39. Qxc6 Qf4 40. Qe8+ Kh7 41.
Rc8 Nd6 42. Qxd8 Nxc8 43. Qxc8 Kg7 44. Qd7 Qe4 45. Qd6 Kh7 46. Qe5 Qb1+ 47. Kh2
Qa2 48. Qf6 Qa7 49. Ne5 Qb8 50. Qxf7+ Kh8 51. g3 {Black resigns} 1-0

[Event "Team 45 45 League T62"]
[Site "Internet Chess Club"]
[Date "2014.10.05"]
[Round "6"]
[White "f5"]
[Black "infiniteshug"]
[Result "1-0"]
[WhiteElo "2130"]
[BlackElo "2156"]
[Opening "King's Indian: 4.e4"]
[ECO "E70"]
[Time "11:00:40"]
[TimeControl "2700+45"]

1. d4 Nf6 2. c4 g6 3. Nc3 Bg7 4. e4 O-O 5. e5 Ne8 6. f4 d6 7. Be3 c5 8. dxc5 Nc6
9. cxd6 exd6 10. Nf3 Bg4 11. Be2 Bxf3 12. Bxf3 dxe5 13. Qxd8 Rxd8 14. Bxc6 bxc6
15. Bc5 exf4 16. Bxf8 Kxf8 17. Rd1 Rb8 18. Na4 Bxb2 19. Rb1 Be5 20. Rxb8 Bxb8
21. Ke2 Nd6 22. Rb1 Bc7 23. Kd3 Ke7 24. h3 f5 25. Re1+ Kd8 26. Nc5 Nc8 27. Ne6+
Kd7 28. Nf8+ Kd6 29. Re6+ Kc5 30. Nd7+ Kb4 31. Rxc6 {Black resigns} 1-0

[Event "Team 45 45 League T62"]
[Site "Internet Chess Club"]
[Date "2014.10.04"]
[Round "6"]
[White "zap2"]
[Black "Baseta"]
[Result "0-1"]
[WhiteElo "1797"]
[BlackElo "1873"]
[Opening "English: New York (London) defensive system"]
[ECO "A12"]
[Time "12:07:54"]
[TimeControl "2700+45"]

1. Nf3 d5 2. c4 c6 3. b3 Nf6 4. Bb2 Bf5 5. g3 Nbd7 6. Bg2 e6 7. d3 Be7 8. Nbd2
O-O 9. O-O h6 10. Rc1 Rc8 11. Rc2 Qa5 12. Qa1 c5 13. cxd5 exd5 14. Ne5 Rfe8 15.
e4 Nxe5 16. Bxe5 dxe4 17. dxe4 Bg6 18. Nc4 Qa6 19. f3 b5 20. Ne3 Red8 21. Rd1
Qe6 22. Rcd2 c4 23. Rxd8+ Rxd8 24. Rxd8+ Bxd8 25. bxc4 bxc4 26. Qc3 Bb6 27. Bd4
Bxd4 28. Qxd4 c3 29. Qxa7 Qc6 30. Qb8+ Kh7 31. Qb3 Qc5 32. Kf2 Bxe4 33. Qd1 Nd5
34. Qc1 c2 35. fxe4 Qxe3+ 36. Qxe3 Nxe3 {White resigns} 0-1

[Event "Team 45 45 League T62"]
[Site "Internet Chess Club"]
[Date "2014.10.05"]
[Round "6"]
[White "Jack-ONeill"]
[Black "xwang1"]
[Result "1-0"]
[WhiteElo "2085"]
[BlackElo "1987"]
[Opening "Sicilian: Alapin's variation (2.c3)"]
[ECO "B22"]
[Time "11:36:06"]
[TimeControl "2700+45"]

1. e4 c5 2. c3 Nf6 3. e5 Nd5 4. Nf3 e6 5. d4 cxd4 6. cxd4 d6 7. Bc4 Nb6 8. Bd3
dxe5 9. dxe5 Na6 10. Qe2 Nc5 11. Bc2 Nd5 12. O-O Be7 13. Rd1 O-O 14. Nc3 Nxc3
15. Bxh7+ Kxh7 16. Qc2+ N3e4 17. Rxd8 Rxd8 18. Be3 g6 19. b4 Nd3 20. Qc4 Nexf2
21. Bxf2 Nxb4 22. Bh4 b5 23. Qf4 Bc5+ 24. Kh1 Rd7 25. Bf6 Bf2 26. Ng5+ {Black
resigns} 1-0

[Event "Team 45 45 League T62"]
[Site "Internet Chess Club"]
[Date "2014.10.05"]
[Round "6"]
[White "jjimalo"]
[Black "Ptzz"]
[Result "0-1"]
[WhiteElo "1917"]
[BlackElo "2058"]
[Opening "QGD Slav: Winawer counter-gambit"]
[ECO "D10"]
[Time "13:00:32"]
[TimeControl "2700+45"]

1. d4 d5 2. c4 c6 3. Nc3 e5 4. dxe5 d4 5. Ne4 Qa5+ 6. Bd2 Qxe5 7. Ng3 Nf6 8. Nf3
Qd6 9. e3 dxe3 10. Bxe3 Qxd1+ 11. Rxd1 Bb4+ 12. Bd2 Bxd2+ 13. Rxd2 O-O 14. Be2
h6 15. O-O Be6 16. Nd4 Re8 17. Nxe6 Rxe6 18. Rd8+ Re8 19. Rxe8+ Nxe8 20. Rd1 Na6
21. Rd7 Nc5 22. Rd2 Nf6 23. Bf3 g6 24. h4 a5 25. b3 h5 26. Rd6 Kg7 27. Kf1 Re8
28. Bd1 Re7 29. a3 Rd7 30. Rxd7 Nfxd7 31. Bc2 Kf6 32. f4 Nf8 33. Ke2 Nfe6 34.
Ke3 Ng7 35. b4 axb4 36. axb4 Na6 37. Ne4+ Ke7 38. b5 cxb5 39. cxb5 Nf5+ 40. Kf2
Nb4 41. Bb3 Nd3+ 42. Kf3 Nxh4+ 43. Kg3 Nf5+ 44. Kh3 Nxf4+ {White resigns} 0-1

[Event "Team 45 45 League T62"]
[Site "Internet Chess Club"]
[Date "2014.10.07"]
[Round "6"]
[White "Holgate"]
[Black "laurenpar"]
[Result "1-0"]
[WhiteElo "2040"]
[BlackElo "1935"]
[Opening "French: Tarrasch, Guimard main line"]
[ECO "C04"]
[Time "05:02:10"]
[TimeControl "2700+45"]

1. e4 e6 2. d4 d5 3. Nd2 Nc6 4. Ngf3 Nf6 5. e5 Nd7 6. Be2 f6 7. exf6 Qxf6 8. Nf1
Bd6 9. Ne3 O-O 10. O-O Qg6 11. g3 Nf6 12. Nh4 Qe8 13. f4 Ne7 14. Ng4 b6 15. Re1
Ne4 16. Bd3 Nf5 17. Nf3 Bb7 18. Nf2 Nfxg3 19. hxg3 Nxg3 20. Ng5 Rf6 21. Qg4 Ne4
22. Nfxe4 dxe4 23. Bxe4 Bxe4 24. Rxe4 h6 25. Rxe6 hxg5 26. Rxe8+ {Black resigns}
1-0

[Event "Team 45 45 League T62"]
[Site "Internet Chess Club"]
[Date "2014.10.04"]
[Round "6"]
[White "arhrid"]
[Black "Tobiasdelmonte"]
[Result "0-1"]
[WhiteElo "1776"]
[BlackElo "1847"]
[Opening "Alekhine's defense: modern, Larsen variation"]
[ECO "B04"]
[Time "16:01:02"]
[TimeControl "2700+45"]

1. e4 Nf6 2. e5 Nd5 3. Nf3 d6 4. d4 dxe5 5. dxe5 g6 6. Bc4 c6 7. O-O Bg7 8. h3
O-O 9. Qe2 Bf5 10. c3 Nd7 11. a4 Qc7 12. Re1 N7b6 13. Bb3 a5 14. Nbd2 Nf4 15.
Qe3 Nd3 16. Re2 Nd5 17. Bxd5 cxd5 18. g4 Nxc1 19. Rxc1 Bd7 20. c4 Bxa4 21. Qa3
Be8 22. e6 f5 23. g5 b5 24. b3 b4 25. Qa2 a4 26. bxa4 Rxa4 27. Qb3 Bb5 28. Ree1
dxc4 29. Nxc4 Bc3 30. Rxc3 bxc3 31. Nce5 Qc5 32. Nd7 Qc4 33. Qd1 c2 34. Qc1 Rb4
35. Nfe5 Qc3 36. Nf6+ Kg7 37. Kh2 Rb1 38. Re3 Qxe3 39. Qxe3 c1=Q 40. Qa7 Qg1#
{White checkmated} 0-1

[Event "Team 45 45 League T62"]
[Site "Internet Chess Club"]
[Date "2014.10.04"]
[Round "6"]
[White "Epcot"]
[Black "Pomberito"]
[Result "1-0"]
[WhiteElo "2130"]
[BlackElo "2112"]
[Opening "King's Indian: fianchetto, classical variation, 8.e4"]
[ECO "E68"]
[Time "07:11:29"]
[TimeControl "2700+45"]

1. d4 Nf6 2. c4 g6 3. g3 Bg7 4. Bg2 O-O 5. Nc3 d6 6. Nf3 Nbd7 7. O-O e5 8. e4
Re8 9. h3 c6 10. Re1 Qb6 11. d5 cxd5 12. cxd5 Nc5 13. Rb1 a5 14. Be3 Bd7 15. Nd2
a4 16. b4 axb3 17. Nxb3 Qb4 18. Nxc5 Qxc3 19. Rb3 Qa5 20. Nxb7 Qxa2 21. Re2 Qxb3
22. Qxb3 Ra1+ 23. Kh2 Rb8 24. Qc3 Ra6 25. Nxd6 Rxd6 26. Qc7 {Black resigns} 1-0

[Event "Team 45 45 League T62"]
[Site "Internet Chess Club"]
[Date "2014.10.04"]
[Round "6"]
[White "f5"]
[Black "PoisonPawn"]
[Result "1-0"]
[WhiteElo "2111"]
[BlackElo "2056"]
[Opening "Queen's pawn game"]
[ECO "A46"]
[Time "10:02:51"]
[TimeControl "2700+45"]

1. d4 Nf6 2. Nf3 e6 3. g3 b5 4. Bg2 Bb7 5. O-O c5 6. a4 a6 7. c3 Be7 8. Na3 b4
9. Nc4 Nc6 10. Nfe5 d5 11. Nxc6 Bxc6 12. Ne5 Bb7 13. cxb4 cxb4 14. a5 O-O 15.
Bg5 Ne4 16. Bxe7 Qxe7 17. f3 Nf6 18. Qb3 Rab8 19. Rfc1 Ba8 20. Rc5 Nd7 21. Rc7
Rfd8 22. Rac1 Qe8 23. Nd3 Rb5 24. Qa4 Qf8 25. e3 Qd6 26. Bf1 g6 27. f4 f6 28.
Kf2 Nb8 29. Rc8 Nc6 30. Rxd8+ Nxd8 31. Nc5 Rb8 32. Nxa6 Bc6 33. Rxc6 Nxc6 34.
Nxb8 Nxb8 35. a6 Qc6 36. a7 {Black resigns} 1-0

[Event "Team 45 45 League T62"]
[Site "Internet Chess Club"]
[Date "2014.10.04"]
[Round "6"]
[White "Enzo25"]
[Black "xwang1"]
[Result "1-0"]
[WhiteElo "2136"]
[BlackElo "2000"]
[Opening "Giuoco Piano"]
[ECO "C54"]
[Time "16:01:07"]
[TimeControl "2700+45"]

1. e4 e5 2. Nf3 Nc6 3. Bc4 Bc5 4. c3 Nf6 5. d4 exd4 6. cxd4 Bb4+ 7. Bd2 Bxd2+ 8.
Nbxd2 d5 9. exd5 Nxd5 10. Qb3 Na5 11. Qa4+ Nc6 12. Qb3 Nce7 13. O-O O-O 14. Rfe1
c6 15. Rac1 Qb6 16. Qa3 Ng6 17. Bxd5 cxd5 18. Rc5 Be6 19. Ng5 Rfe8 20. Nxe6 Rxe6
21. Rxe6 Qxe6 22. g3 Nf4 23. gxf4 Qg4+ 24. Qg3 Qd1+ 25. Nf1 Qxd4 26. Qc3 Qxc3
27. bxc3 g6 28. Ne3 b6 29. Rc7 Rd8 30. Rxa7 d4 31. cxd4 Rxd4 32. f5 Kg7 33. fxg6
hxg6 34. Kf1 Rh4 35. Nd5 b5 36. Nc7 Rxh2 37. Nxb5 Kf6 38. Nd6 Rh4 39. Nxf7 Rh7
40. Ra6+ Kxf7 41. Ra7+ Kg8 42. Rxh7 Kxh7 43. a4 g5 44. a5 g4 45. a6 g3 46. a7
g2+ 47. Kg1 Kg6 48. a8=Q Kg5 49. Qxg2+ Kf4 50. Qg3+ Ke4 51. f4 Kf5 52. Qg5+ Ke6
53. f5+ Ke5 54. f6+ Ke6 55. Qg7 Kf5 56. f7 Ke4 57. f8=Q Kd5 58. Qge7 Kc6 59.
Qfd8 Kb5 60. Qec7 Ka6 61. Qb6# {Black checkmated} 1-0

[Event "Team 45 45 League T62"]
[Site "Internet Chess Club"]
[Date "2014.10.05"]
[Round "6"]
[White "gump12345"]
[Black "seikster"]
[Result "1-0"]
[WhiteElo "2025"]
[BlackElo "1796"]
[Opening "French: Tarrasch, closed variation"]
[ECO "C05"]
[Time "19:06:58"]
[TimeControl "2700+45"]

1. e4 e6 2. d4 d5 3. Nd2 Nf6 4. e5 Nfd7 5. Ngf3 c5 6. c3 Nc6 7. Bd3 Qb6 8. O-O
cxd4 9. cxd4 Nxd4 10. Nxd4 Qxd4 11. Nf3 Qb6 12. Qa4 Be7 13. Be3 Qd8 14. Qg4
{Black resigns} 1-0

[Event "Team 45 45 League T62"]
[Site "Internet Chess Club"]
[Date "2014.10.09"]
[Round "6"]
[White "SlimeDog2"]
[Black "Happybear"]
[Result "1-0"]
[WhiteElo "2094"]
[BlackElo "1824"]
[Opening "King's Indian: fianchetto, classical variation, 8.e4"]
[ECO "E68"]
[Time "21:13:50"]
[TimeControl "2700+45"]

1. Nf3 Nf6 2. c4 g6 3. g3 Bg7 4. d4 O-O 5. Bg2 d6 6. Nc3 Nbd7 7. O-O e5 8. e4 h6
9. Qc2 g5 10. h3 Nh5 11. Be3 a6 12. dxe5 dxe5 13. Rad1 c6 14. Qe2 Qe7 15. Nxg5
Nxg3 16. fxg3 hxg5 17. Qf2 Re8 18. Bxg5 Qxg5 19. Qxf7+ Kh7 20. Qxe8 Nf6 21. Qe7
{Black resigns} 1-0

[Event "Team 45 45 League T62"]
[Site "Internet Chess Club"]
[Date "2014.10.04"]
[Round "6"]
[White "charles-allen"]
[Black "junard"]
[Result "0-1"]
[WhiteElo "1874"]
[BlackElo "2038"]
[Opening "Sicilian"]
[ECO "B50"]
[Time "20:46:25"]
[TimeControl "2700+45"]

1. e4 c5 2. Nf3 d6 3. Bc4 e6 4. Qe2 Be7 5. O-O Nf6 6. c3 O-O 7. e5 dxe5 8. Nxe5
Qc7 9. d4 Nc6 10. Bf4 Qb6 11. Rd1 cxd4 12. Nxc6 Qxc6 13. Rxd4 a6 14. a4 Rd8 15.
Be5 Bd7 16. Nd2 b5 17. Bd3 Qb7 18. Ne4 Nd5 19. Bd6 Bc6 20. Nc5 Qa7 21. Nxe6 Rxd6
22. Bxh7+ Kxh7 23. Qh5+ Kg8 24. Rh4 Bxh4 {White resigns} 0-1

[Event "Team 45 45 League T62"]
[Site "Internet Chess Club"]
[Date "2014.10.07"]
[Round "6"]
[White "JustinL"]
[Black "Baseta"]
[Result "1/2-1/2"]
[WhiteElo "1954"]
[BlackElo "1866"]
[Opening "Queen's pawn game"]
[ECO "D02"]
[Time "15:00:09"]
[TimeControl "2700+45"]

1. d4 d5 2. Nf3 c6 3. Bg5 Nf6 4. Nbd2 Nbd7 5. e3 Qb6 6. Rb1 g6 7. Bd3 Bg7 8. O-O
O-O 9. c4 Re8 10. c5 Qd8 11. Bf4 Nh5 12. b4 Nxf4 13. exf4 Qc7 14. g3 Nf6 15. Qc2
b5 16. a4 a6 17. Ra1 Bh3 18. Rfe1 Nh5 19. Nb3 Nxf4 20. axb5 Nxd3 21. Qxd3 axb5
22. Na5 Bf5 23. Qc3 Be4 24. Ne5 Bxe5 25. dxe5 Qd7 26. Rad1 Bf5 27. Rd4 f6 28.
Qe3 fxe5 29. Qxe5 Qc8 30. h4 Be4 31. Kh2 Qg4 32. Re3 Rac8 33. f3 Qf5 34. Qxf5
Bxf5 35. Re5 {Game drawn by mutual agreement} 1/2-1/2

[Event "Team 45 45 League T62"]
[Site "Internet Chess Club"]
[Date "2014.10.04"]
[Round "6"]
[White "frank001"]
[Black "Bible-Believer"]
[Result "1-0"]
[WhiteElo "1767"]
[BlackElo "1527"]
[Opening "Scotch: Mieses variation"]
[ECO "C45"]
[Time "22:13:01"]
[TimeControl "2700+45"]

1. e4 e5 2. Nf3 Nc6 3. d4 exd4 4. Nxd4 Nf6 5. Nxc6 bxc6 6. e5 Qe7 7. Qe2 Nd5 8.
c4 Ba6 9. b3 g6 10. Bb2 Bg7 11. g3 d6 12. Bg2 O-O 13. O-O dxe5 14. Qd2 Nb4 15.
Ba3 Rab8 16. Nc3 Rfd8 17. Qe2 Bb7 18. Rad1 c5 19. Bxb7 Rxb7 20. Bxb4 cxb4 21.
Nd5 Qe8 22. Qf3 c6 23. Nf6+ Bxf6 24. Qxf6 Rbb8 25. h4 c5 26. h5 Rd4 27. Rde1 Qe6
28. Qxe5 Qxe5 29. Rxe5 Rd2 30. Rxc5 Rxa2 31. Re1 Kf8 32. Rc7 Rd8 33. Ree7 gxh5
34. Rxf7+ Kg8 35. Rxh7 a5 36. Ra7 Ra3 37. Rxh5 Rd1+ 38. Kg2 Rd3 39. Rhxa5 Rxa5
40. Rxa5 Rxb3 41. Ra7 Rc3 42. c5 Rxc5 43. Rb7 Rc4 44. f4 Rc2+ 45. Kh3 Rc4 46.
Kh4 Kf8 47. Kg5 Ke8 48. f5 Kd8 49. f6 Kc8 50. Rb5 Kc7 51. f7 Kc6 52. Rf5 b3 53.
f8=Q b2 54. Qh6+ Kb7 55. Qg7+ Rc7 56. Qxb2+ {Black resigns} 1-0

[Event "Team 45 45 League T62"]
[Site "Internet Chess Club"]
[Date "2014.10.04"]
[Round "6"]
[White "KidRattler"]
[Black "olivermx"]
[Result "1/2-1/2"]
[WhiteElo "1475"]
[BlackElo "1359"]
[Opening "Queen's bishop game"]
[ECO "D02"]
[Time "17:13:28"]
[TimeControl "2700+45"]

1. d4 d5 2. Nf3 Nf6 3. Bf4 Nc6 4. e3 e6 5. Nbd2 Bd6 6. Ne5 O-O 7. c3 Re8 8. Ndf3
Ne7 9. Bd3 c5 10. Ng5 Rf8 11. Ngxf7 Rxf7 12. Nxf7 Kxf7 13. Bxd6 Qxd6 14. Bxh7
cxd4 15. exd4 e5 16. Bd3 exd4 17. cxd4 Qb4+ 18. Qd2 Qxd2+ 19. Kxd2 Ne4+ 20. Bxe4
dxe4 21. Rhf1 Nd5 22. a3 Bf5 23. Rac1 Rh8 24. Rh1 Re8 25. Rc5 Ke6 26. Re1 Rh8
{Game drawn by mutual agreement} 1/2-1/2

[Event "Team 45 45 League T62"]
[Site "Internet Chess Club"]
[Date "2014.10.05"]
[Round "6"]
[White "zap2"]
[Black "smyslovVchess"]
[Result "1-0"]
[WhiteElo "1812"]
[BlackElo "1756"]
[Opening "Réti opening"]
[ECO "A05"]
[Time "04:08:25"]
[TimeControl "2700+45"]

1. Nf3 Nf6 2. g3 b6 3. Bg2 Bb7 4. d3 e6 5. O-O Be7 6. Nbd2 O-O 7. e4 d6 8. a4
Nbd7 9. a5 a6 10. axb6 c5 11. Nc4 Rb8 12. Na5 Qxb6 13. Nxb7 Rxb7 14. Qe2 e5 15.
Nd2 Ra7 16. Nc4 Qc7 17. Bd2 Qc8 18. Bh3 Qb7 19. b3 Ne8 20. Ne3 Ndf6 21. Nf5 Bd8
22. Ba5 Bxa5 23. Rxa5 Qc7 24. Rfa1 g6 25. Ne3 Qc6 26. f4 Nc7 27. fxe5 dxe5 28.
Nc4 Re8 29. Qf2 Nb5 30. Rxb5 axb5 31. Rxa7 bxc4 32. bxc4 Kg7 33. Ra5 Qb6 34.
Rxc5 Qb1+ 35. Kg2 Rb8 36. Rxe5 Rb2 37. Rb5 Rxb5 38. cxb5 Qxb5 39. Qd4 Qa5 40. c3
Qa2+ 41. Qf2 Qb3 42. Qd2 Qb7 43. Qc2 Nh5 44. Bg4 Nf6 45. Bf3 Qb6 46. d4 h5 47.
h3 Nh7 48. h4 Nf6 49. Qd2 Qb1 50. Qe2 Qc1 51. e5 Ne8 52. c4 Qc3 53. d5 Qd4 54.
d6 Nxd6 55. exd6 Qxd6 56. Qb2+ f6 57. Bd5 Kh6 58. Qd2+ Kg7 59. Qd4 Qa3 60. c5
Qc1 61. c6 Qc2+ 62. Kh3 Qf5+ 63. Kh2 Qc2+ 64. Bg2 Kf7 65. Qd7+ {Black resigns}
1-0

[Event "Team 45 45 League T62"]
[Site "Internet Chess Club"]
[Date "2014.10.04"]
[Round "6"]
[White "kllrchris"]
[Black "Salvatore"]
[Result "1-0"]
[WhiteElo "1743"]
[BlackElo "1619"]
[Opening "Sicilian: Nimzovich-Rossolimo attack (without ...d6)"]
[ECO "B30"]
[Time "17:18:52"]
[TimeControl "2700+45"]

1. e4 c5 2. Nf3 Nc6 3. Bb5 Nd4 4. Nxd4 cxd4 5. O-O e5 6. d3 Nf6 7. f4 Bd6 8. Na3
O-O 9. Nc4 Qc7 10. Nxd6 Qxd6 11. Bc4 a6 12. h3 b5 13. Bb3 Bb7 14. Qe1 Rac8 15.
fxe5 Qxe5 16. Rf5 Qc7 17. Bg5 Qb6 18. Qf2 d5 19. Rxf6 gxf6 20. Bxf6 Qxf6 21.
Qxf6 dxe4 22. Rf1 Rc6 23. Bxf7+ {Black resigns} 1-0

[Event "Team 45 45 League T62"]
[Site "Internet Chess Club"]
[Date "2014.10.02"]
[Round "6"]
[White "BrianWood"]
[Black "seattleblues"]
[Result "1-0"]
[WhiteElo "1499"]
[BlackElo "1397"]
[Opening "English: Neo-Catalan"]
[ECO "A13"]
[Time "21:03:59"]
[TimeControl "2700+45"]

1. Nf3 Nf6 2. c4 e6 3. g3 d5 4. d4 Bb4+ 5. Bd2 Qe7 6. Qa4+ Nc6 7. a3 Bxd2+ 8.
Nbxd2 O-O 9. Bg2 Bd7 10. Qc2 Rac8 11. O-O Rfd8 12. Ne5 Nxd4 13. Qd1 Be8 14. e3
Nc6 15. Nxc6 Bxc6 16. cxd5 Bxd5 17. Bxd5 Rxd5 18. Qe2 Rcd8 19. Nf3 h6 20. Rfd1
R8d7 21. Rxd5 Rxd5 22. e4 Rd7 23. e5 Nd5 24. Rd1 Qd8 25. Rd2 Nb6 26. Rxd7 Qxd7
27. Ne1 Qd5 28. f4 Nc4 29. Nd3 Qd4+ 30. Nf2 Nxb2 31. Qb5 Nd3 32. Qxd3 Qxd3 33.
Nxd3 Kf8 34. a4 Ke7 35. Kf2 Kd7 36. Ke3 Kc6 37. Kd4 a5 38. Kc4 Kb6 39. g4 Kc6
40. h4 Kd7 41. f5 b6 42. h5 Kc6 43. f6 gxf6 44. exf6 Kd6 45. g5 hxg5 46. h6 g4
47. h7 g3 48. h8=Q g2 49. Qh2+ {Black resigns} 1-0

[Event "Team 45 45 League T62"]
[Site "Internet Chess Club"]
[Date "2014.10.03"]
[Round "6"]
[White "ausya"]
[Black "John3v16"]
[Result "1-0"]
[WhiteElo "1757"]
[BlackElo "1668"]
[Opening "Sicilian: Alapin's variation (2.c3)"]
[ECO "B22"]
[Time "21:02:38"]
[TimeControl "2700+45"]

1. e4 c5 2. c3 d5 3. exd5 Qxd5 4. d4 Nc6 5. Nf3 Bg4 6. Be2 e6 7. Be3 cxd4 8.
cxd4 Bb4+ 9. Nbd2 Nge7 10. O-O O-O 11. Nb3 Nf5 12. Qd3 Rad8 13. Rfd1 Be7 14. a3
Bh5 15. Rd2 Bg6 16. Qc4 Bf6 17. Rad1 Nxe3 18. fxe3 Be4 19. Qxd5 Bxd5 20. Nc5 b6
21. Nd3 Rc8 22. Nf2 Na5 23. e4 Bb3 24. Rf1 Rc7 25. e5 Be7 26. Ne4 Bd5 27. Nc3
Bc4 28. d5 exd5 29. Nxd5 Bxd5 30. Rxd5 Rc2 31. Rd2 Rxd2 32. Nxd2 Rc8 33. Bd1 Rc1
34. Bh5 Rxf1+ 35. Kxf1 Bg5 36. Ke2 Bxd2 37. Kxd2 Nc4+ 38. Kc3 Nxe5 39. Kd4 f6
40. Kd5 g5 41. Be2 Kf7 42. Kd6 h6 43. Kc7 Ke6 44. Kb7 Kd5 45. Kxa7 Kc5 46. Kb7
Nc6 47. b4+ Nxb4 48. axb4+ Kxb4 49. Kxb6 Kc3 50. Kc5 Kd2 51. Bf3 Ke3 52. Kd5 Kf4
53. Bh5 g4 54. Ke6 Kg5 55. Bxg4 Kxg4 56. Kxf6 h5 57. Ke5 Kg5 58. Ke4 Kg4 59. Ke3
Kg5 60. Ke4 Kg4 61. Ke5 Kg5 62. Ke6 Kg6 63. h4 Kg7 64. Kf5 Kh6 65. Kf6 {Black
resigns} 1-0